 Dungeon Crawl Stone Soup version 0.26-a0-524-g073066f631 (webtiles) character file.

Game seed: 1661541418356775831

795 Eifo4Ohj9gu9Dob0ohLe the Chopper (level 7, 0/61 HPs)
             Began as a Green Draconian Berserker on Aug 13, 2020.
             Was a Believer of Trog.
             Slain by a wight
             ... wielding a +2 short sword of draining
              (4 damage)
             ... on level 5 of the Dungeon.
             The game lasted 00:36:53 (2235 turns).

Eifo4Ohj9gu9Dob0ohLe the Chopper (DrBe)             Turns: 2235, Time: 00:36:53

Health: 0/61       AC:  8    Str: 17 (20) XL:     7   Next: 58%
Magic:  7/7        EV: 13    Int:  4 (7)  God:    Trog [**....]
Gold:   180        SH:  0    Dex:  9 (12) Spells: 6/6 levels left

rFire    . . .     SeeInvis .   p - +0 long sword
rCold    . . .     Faith    .   (no shield)
rNeg     . . .     Spirit   .   (armour unavailable)
rPois    +         Reflect  .   (helmet restricted)
rElec    .         Harm     .   (no cloak)
rCorr    .                      i - +1 pair of gloves
MR       ++...                  (no boots)
Stlth    +.........             (no amulet)
HPRegen  1.20/turn              (no ring)
MPRegen  0.10/turn              (no ring)

@: short of breath, berserk cooldown, stab, regenerating, heavily drained
A: breathe noxious fumes, unfitting armour, poison resistance, cold-blooded, AC
+6
a: Breathe Noxious Fumes, Berserk, Trog's Hand, Renounce Religion


You were on level 5 of the Dungeon.
You worshipped Trog.
Trog was pleased with you.
You visited 1 branch of the dungeon, and saw 5 of its levels.

You collected 180 gold pieces.

Inventory:

Hand Weapons
 a - a +1 hand axe
 p - a +0 long sword (weapon)
Missiles
 c - 15 poisoned darts (quivered)
Armour
 f - a +0 helmet
 g - a cursed +0 ring mail
 h - a +1 robe of magic resistance
 i - a +1 pair of gloves (worn)
 j - a +0 robe
 m - a cursed +0 robe
Jewellery
 d - a +6 ring of intelligence
 n - a cursed ring of attention
 q - a +4 ring of evasion {unknown}
 r - an uncursed amulet of the acrobat
Wands
 o - a wand of polymorph (4)
Scrolls
 b - a scroll of identify
 k - 2 scrolls of teleportation
 l - a scroll of noise
 u - a scroll of enchant weapon
 w - a scroll of remove curse {unknown}
Potions
 e - a potion of might
 t - a potion of ambrosia {unknown}


   Skills:
 + Level 5.1(3.8) Fighting
 + Level 2.7(1.5) Long Blades
 + Level 6.3(5.0) Axes
 + Level 4.6(3.3) Dodging
 + Level 0.6(0.0) Stealth


You had 6 spell levels left.
You didn't know any spells.
Your spell library was empty.

Dungeon Overview and Level Annotations

Branches:
Dungeon (5/15)
 Temple: D:4-7

Altars:
Gozag

Shops:
D:4 =(}


Innate Abilities, Weirdness & Mutations

You can breathe blasts of noxious fumes.
Your lurid green scales are hard. (AC +6)
You cannot fit into any form of body armour.
Your system is resistant to poisons. (rPois)
You are cold-blooded and may be slowed by cold attacks.


Message History

The blast of choking fumes hits the wight.
The wight completely resists.
The blast of choking fumes misses the wight.
The blast of choking fumes hits the wight.
The wight completely resists.
The wight hits you with a +2 short sword of draining.
* * * LOW HITPOINT WARNING * * *
You feel drained. x2
* * * LOW HITPOINT WARNING * * *
It was a potion of degeneration.
There was something very wrong with that liquid.
You feel weakened.
You feel dopey.
You feel clumsy.
The wight hits you with a +2 short sword of draining.
* * * LOW HITPOINT WARNING * * *
You feel drained. x2
Unknown command.
It was a potion of stabbing.
You feel ready to backstab.
The wight hits you with a +2 short sword of draining.
You die...

######†###########...##.........
.................#...##.........
...#....####.....#...###........
. #....# ...#...# #........
#....###### ..#...# ####+###.
##........# ..#...# #...#....#
#.# #...#....# #.# ##..##...#
#@# #..####.###z# ##........zz#
##........z# ###.......#
####....# ####.# ..# ...#


You could see 4 wights.

Vanquished Creatures
  Grinder (D:3)
  Purgy (D:3)
  An ogre (D:5)
  A water moccasin skeleton (D:5)
  An orc wizard (D:4)
  An orc priest (D:4)
  2 bullfrog skeletons
  2 iguanas
  2 worker ants
  2 hound zombies (D:4)
  4 gnolls (D:4)
  2 adders
  An ooze (D:1)
  2 adder zombies (D:5)
  2 worms
  2 dart slugs
  3 leopard geckos
  12 orcs
  4 bats
  4 giant cockroaches
  5 goblins
  3 hobgoblins
  4 kobolds
  A ball python zombie (D:4)
  2 frilled lizards
  A leopard gecko zombie (D:4)
  3 rats
  A withered plant (D:4)
70 creatures vanquished.

Notes
Turn   | Place    | Note
-------+----------+-------------------------------------------
     0 | D:1      | Eifo4Ohj9gu9Dob0ohLe the Draconian Berserker began the
                  | quest for the Orb.
     0 | D:1      | Reached XP level 1. HP: 19/19 MP: 1/1
   253 | D:1      | Reached XP level 2. HP: 22/26 MP: 2/2
   661 | D:3      | Reached XP level 3. HP: 28/33 MP: 3/3
   681 | D:3      | Reached ** piety under Trog
   796 | D:3      | Noticed Purgy
   817 | D:3      | Killed Purgy
   817 | D:3      | Reached skill level 4 in Axes
   817 | D:3      | Reached XP level 4. HP: 12/40 MP: 4/4
   817 | D:3      | Reached XP level 5. HP: 14/46 MP: 5/5
  1010 | D:3      | Found an opulent altar of Gozag.
  1125 | D:3      | Noticed Grinder
  1148 | D:3      | Killed Grinder
  1148 | D:3      | Reached skill level 5 in Axes
  1148 | D:3      | Reached XP level 6. HP: 20/53 MP: 6/6
  1588 | D:4      | Reached skill level 6 in Axes
  1603 | D:4      | Found Kat Ofua's Gadget Shoppe.
  1652 | D:4      | Found Guunkuar's Weapon Boutique.
  1852 | D:4      | Your scales start taking on a lurid green colour.
  1852 | D:4      | Reached XP level 7. HP: 60/60 MP: 7/7
  1852 | D:4      | Gained mutation: Your system is resistant to poisons.
                  | (rPois) [Green Draconian growth]
  1864 | D:4      | Reached skill level 1 in Long Blades
  2002 | D:4      | Found Rabbist's Jewellery Shop.
  2056 | D:5      | Entered Level 5 of the Dungeon
  2133 | D:5      | Reached skill level 5 in Fighting
  2227 | D:5      | HP: 2/61 [wight/cursed +0 great sword (9)]
  2233 | D:5      | HP: 3/61 [wight/+2 short sword of draining (1)]
  2235 | D:5      | Slain by a wight

Illustrated notes

Levels and vault maps discovered:
D:1:      kennysheep_arrival_seaside, layout_basic
D:2:      layout_loops_cross, uniq_natasha
D:3:      layout_basic, grunt_gozag_breadcrumbs, uniq_grinder, uniq_purgy
D:4:      layout_basic, serial_shops, shop, shop, nicolae_shop_statue_plus,
          serial_undead, serial_undead_c, serial_undead_d, serial_undead_f,
          serial_undead_b
D:5:      minmay_recursive_quarters, layout_basic, zin_angel,
          kennysheep_little_box, minmay_misc_feat_rows

Skill      XL: |  1  2  3  4  5  6  7 |
---------------+----------------------+-----
Dodging        | 3 4 |  4.6
Fighting       | 4 5 |  5.1
Axes           | 4 5 6 |  6.3
Long Blades    | 2 |  2.7
Stealth        | |  0.6

Action                   |  1- 3 |  4- 6 |  7- 9 || total
-------------------------+-------+-------+-------++-------
Melee: Hand axe          |    81 |   119 |       ||   200
       Tailslap          |    13 |    21 |    12 ||    46
       Long sword        |       |     7 |    61 ||    68
Invok: Berserk           |       |     3 |     1 ||     4
       Trog's Hand       |       |       |     2 ||     2
 Abil: Breathe Noxious F |       |       |     3 ||     3
  Use: Scroll            |     5 |     6 |     1 ||    12
       Potion            |       |     1 |     2 ||     3
Armor: Skin              |    27 |    19 |    20 ||    66
Dodge: Dodged            |    72 |    66 |    55 ||   193
       Rpst.: Long sword |       |     3 |    15 ||    18

Table legend: (Time is in decaauts)
 A = Elapsed time spent in this place.
 B = Non-inter-level travel time spent in this place.
 C = Inter-level travel time spent in this place.
 D = Time resting spent in this place.
 E = Time spent auto-exploring this place.
 F = Levels seen in this place.
 G = Mean time per level.
                   A        B        C        D        E       F      G
               +--------+--------+--------+--------+--------+-----+--------+
         Total |   2312 |   1174 |   1138 |      0 |      0 |   5 |  462.4 |
       Dungeon |   2312 |   1174 |   1138 |      0 |      0 |   5 |  462.4 |
               +--------+--------+--------+--------+--------+-----+--------+

Top non-repeatable levels by time:
     D:4: 767 daAuts
     D:3: 689 daAuts
     D:1: 392 daAuts
     D:2: 261 daAuts
     D:5: 201 daAuts
